 Dungeon Crawl Stone Soup version 0.30-a0-782-ge64f9170bb (webtiles) character file.

Game seed: 14147213203695272460

98 Leeroy the Slasher (level 4, 0/35 HPs)
             Began as a Merfolk Monk on Mar 2, 2023.
             Slain by a river rat (3 damage)
             ... summoned by Eustachio
             ... on level 4 of the Dungeon.
             The game lasted 00:04:22 (2585 turns).

Leeroy the Slasher (Merfolk Monk)                   Turns: 2585, Time: 00:04:22

Health: 0/35       AC:  7    Str: 11      XL:     4   Next: 71%
Magic:  4/4        EV: 12    Int:  9      God:
Gold:   79         SH:  0    Dex: 17 (18) Spells: 3/3 levels left

rFire   . . .      SeeInvis .    v - +2 short sword (vamp)
rCold   . . .      Faith    .    (no shield)
rNeg    . . .      Spirit   .    l - +2 ring mail of Defiance {rCorr}
rPois   .          Reflect  .    (no helmet)
rElec   .          Harm     .    (no cloak)
rCorr   +          Rampage  .    (no gloves)
Will    .....                    (no boots)
Stlth   ++                       (no amulet)
HPRegen 0.25/turn                (no ring)
MPRegen 0.09/turn                (no ring)

@: studying Earth Magic
A: (nimble swimmer 2), mertail
a: no special abilities


You were on level 4 of the Dungeon.
You visited 1 branch of the dungeon, and saw 4 of its levels.

You collected 221 gold pieces.
You spent 142 gold pieces at shops.

Inventory:

Hand Weapons
 a - a +0 falchion
 u - a +1 trident of venom
 v - a +2 vampiric short sword (weapon)
Armour
 b - a +0 robe
 l - the +2 ring mail of Defiance (worn) {rCorr}
   (You found it on level 2 of the Dungeon)

   rCorr:     It protects you from acid and corrosion.
Magical Staves
 r - a staff of earth
Scrolls
 d - a scroll of identify {unknown}
 g - a scroll of enchant weapon {unknown}
 i - a scroll of immolation {unknown}
 n - 3 scrolls of vulnerability {unknown}
 o - a scroll of teleportation {unknown}
 q - a scroll of fog {unknown}
 w - a scroll of amnesia {unknown}
 x - a scroll of torment {unknown}
 y - a scroll of poison {unknown}
Potions
 e - 4 potions of curing
 f - 3 potions of magic {unknown}
 h - 3 potions of might {unknown}
 j - 3 potions of heal wounds {unknown}
 k - 5 potions of brilliance {unknown}
 m - a potion of haste {unknown}
 p - a potion of berserk rage


   Skills:
 - Level 3.2 Fighting
 + Level 6.4 Long Blades
 - Level 4.0 Dodging
 - Level 2.1 Stealth


You had 3 spell levels left.
You didn't know any spells.
Your spell library contained the following spells:

 Spells                   Type           Power      Damage    Failure   Level
 Static Discharge         Conj/Air       0%         2-2/arc   83%         2
 Vhi's Electric Charge    Tloc/Air       0%         N/A       96%         3
 Arcjolt                  Conj/Air       0%         1d10      100%        5
 Lightning Bolt           Conj/Air       0%         1d11      100%        5


Dungeon Overview and Level Annotations

Branches:
Dungeon (4/15)
 Temple: D:4-7

Altars:

Shops:
D:3 !*(*(

Annotations:
D:4 Eustachio


Innate Abilities, Weirdness & Mutations

((You are very nimble when in or above water. (Stealth+, EV+, Speed+++)))
Your lower body shifts to a powerful aquatic tail in water.


Message History

You hit the river rat but do no damage.
The river rat is heavily wounded.
The river rat bites you but does no damage.
Eustachio mumbles some strange words.
You hit Eustachio.
Eustachio is severely wounded.
The bat closely misses you. Eustachio hits you with a +0 rapier.
The river rat barely misses you. The bat hits you but does no damage.
You barely miss Eustachio.
Eustachio is severely wounded.
The shadow imp disappears in a puff of smoke!
The bat barely misses you. The bat hits you but does no damage.
Eustachio closely misses you.
The river rat bites you but does no damage.
You hit Eustachio.
You feel better.
Eustachio is almost dead.
The bat barely misses you. The bat closely misses you.
The bat barely misses you. Eustachio hits you with a +0 rapier.
The river rat closely misses you.
You hit Eustachio but do no damage.
Eustachio is almost dead.
The bat hits you but does no damage. The bat misses you.
Eustachio hits you but does no damage.
You hit Eustachio.
Eustachio is almost dead.
The bat hits you but does no damage. x2
The river rat bites you but does no damage.
You hit Eustachio.
You feel better.
Eustachio is almost dead.
Eustachio hits you with a +0 rapier.
* * * LOW HITPOINT WARNING * * *
The river rat bites you but does no damage.
The bat closely misses you. The bat misses you.
You barely miss Eustachio.
Eustachio is almost dead.
The shadow imp disappears in a puff of smoke!
The bat hits you but does no damage. x2; Eustachio hits you with a +0 rapier.
* * * LOW HITPOINT WARNING * * *
The river rat bites you.
You die...

######## #......#
##.####<##
#........####...
#..#..b.b.......
#..#.##..####...
#....r@@.# #.##.###r#
#(..5.5.5# ####.#####
#+## #.# ##.(.## #.#
##..(..## ####.##
##.....>.##
#.##.....####5........#
.......#..ยง.'5r......(+


You could see Eustachio, a river rat (summoned), an ufetubus (summoned), a
quokka (summoned) and 2 bats.

Vanquished Creatures
  An adder (D:2)
  3 gnolls (D:3)
  A dart slug (D:1)
  An orc (D:3)
  8 ball pythons
  3 endoplasms
  2 giant cockroaches (D:1)
  2 goblins (D:1)
  6 hobgoblins
  6 kobolds
  3 quokkas
  7 bats
  4 frilled lizards
  7 rats
54 creatures vanquished.

Notes
Turn   | Place    | Note
-------+----------+-------------------------------------------
     0 | D:1      | Leeroy the Merfolk Monk began the quest for the Orb.
     0 | D:1      | Reached XP level 1. HP: 18/18 MP: 1/1
    96 | D:1      | Reached skill level 4 in Long Blades
   110 | D:1      | Reached XP level 2. HP: 18/24 MP: 2/2
   482 | D:1      | Reached skill level 5 in Long Blades
   482 | D:1      | Reached XP level 3. HP: 29/29 MP: 3/3
  1010 | D:2      | Identified the +2 ring mail of Defiance {rCorr}
  1257 | D:2      | Reached XP level 4. HP: 35/35 MP: 4/4
  1784 | D:3      | Reached skill level 6 in Long Blades
  1863 | D:3      | Found Raishuawk's Distillery.
  1869 | D:3      | Bought a potion of berserk rage for 70 gold pieces
  1869 | D:3      | Bought a potion of curing for 42 gold pieces
  1968 | D:3      | Found Owaeji's General Store.
  1986 | D:3      | Found Deto's Antique Weapon Emporium.
  2024 | D:3      | Found Mega's Weapon Emporium.
  2029 | D:3      | Bought a throwing net for 30 gold pieces
  2060 | D:3      | Found Yrobbima's General Store.
  2481 | D:4      | Noticed Eustachio
  2585 | D:4      | Slain by a river rat

Illustrated notes

Levels and vault maps discovered:
D:1:      wander_arrival_lonely_grave, layout_loops_corners,
          minmay_close_crescents
D:2:      layout_basic
D:3:      layout_basic, serial_shops, nicolae_shop_window_shopping, shop,
          nicolae_shop_crystal, shop, shop
D:4:      layout_loops_corners, uniq_eustachio, uniq_duvessa

Skill      XL: |  1  2  3  4 |
---------------+-------------+-----
Long Blades    | 4 5 6 |  6.4
Fighting       | |  3.2
Dodging        | |  4.0
Stealth        | |  2.1

Action                     |  1- 3 |  4- 6 || total
---------------------------+-------+-------++-------
  Melee: Falchion          |   128 |    44 ||   172
         Short sword       |       |    71 ||    71
         Punch             |       |     2 ||     2
  Throw: Dart              |       |     4 ||     4
         Throwing net      |       |     1 ||     1
    Use: Potion            |       |     1 ||     1
   Stab: Sleeping          |     5 |     3 ||     8
 Armour: Robe              |    37 |       ||    37
         Ring mail         |    16 |    39 ||    55
  Dodge: Dodged            |   108 |    85 ||   193

Table legend: (Time is in decaauts)
 A = Elapsed time spent in this place.
 B = Non-inter-level travel time spent in this place.
 C = Inter-level travel time spent in this place.
 D = Time resting spent in this place.
 E = Time spent auto-exploring this place.
 F = Levels seen in this place.
 G = Mean time per level.
                   A        B        C        D        E       F      G
               +--------+--------+--------+--------+--------+-----+--------+
         Total |   2578 |   2447 |    131 |      0 |   1914 |   4 |  644.5 |
       Dungeon |   2578 |   2447 |    131 |      0 |   1914 |   4 |  644.5 |
               +--------+--------+--------+--------+--------+-----+--------+

Top non-repeatable levels by time:
     D:1: 959 daAuts
     D:2: 799 daAuts
     D:3: 694 daAuts
     D:4: 125 daAuts
